 Dungeon Crawl Stone Soup version 0.25-a0-681-gdf4e720381 (console) character file.

Game seed: 6014064588581196625, levelgen mode: classic

51 Duffy the Chopper (level 3, -1/29 HPs)
             Began as a Demonspawn Fighter on Mar 30, 2020.
             Slain by a bullfrog (3 damage)
             ... on level 4 of the Dungeon.
             The game lasted 00:00:41 (620 turns).

Duffy the Chopper (Demonspawn Fighter)               Turns: 620, Time: 00:00:41

Health: -1/29      AC:  8    Str: 17    XL:     3   Next: 58%
Magic:  3/3        EV:  5    Int:  9    God:
Gold:   66         SH:  8    Dex: 12    Spells: 2/2 levels left

rFire    . . .     SeeInvis .   a - +0 war axe
rCold    . . .     Gourm    .   c - +0 kite shield
rNeg     . . .     Faith    .   j - +0 chain mail
rPois    .         Spirit   .   (helmet restricted)
rElec    .         Reflect  .   (no cloak)
rCorr    .         Harm     .   (no gloves)
MR       .....                  (no boots)
Stlth    ..........             (no amulet)
HPRegen  0.09/turn              m - +1 ring of evasion
MPRegen  0.08/turn              (no ring)

@: no status effects
A: horns 1, spiny 1
a: no special abilities


You were on level 4 of the Dungeon.
You were not hungry.

You visited 1 branch of the dungeon, and saw 4 of its levels.

You collected 66 gold pieces.

Inventory:

Hand Weapons
 a - a +0 war axe (weapon)
Armour
 b - a +0 scale mail
 c - a +0 kite shield (worn)
 j - a +0 chain mail (worn)
Jewellery
 m - a +1 ring of evasion (left hand)
Scrolls
 i - a scroll of amnesia {unknown}
 l - 2 scrolls of teleportation {unknown}
Potions
 d - a potion of might
 e - a potion of curing {unknown}
 h - a potion of lignification {unknown}
 k - a potion of invisibility {unknown}
Comestibles
 f - 3 rations


   Skills:
 - Level 3.0 Fighting
 + Level 3.6 Axes
 - Level 2.6 Armour
 - Level 2.6 Shields


You had 2 spell levels left.
You didn't know any spells.
Your spell library was empty.

Dungeon Overview and Level Annotations

Branches:
Dungeon (4/15)
 Temple: D:4-7

Altars:


Innate Abilities, Weirdness & Mutations

You have a pair of small horns on your head.
You are partially covered in sharp spines.


Message History

The dart slug is struck by your spines.
The dart slug bites you but does no damage.
You hit the dart slug. You headbutt the dart slug.
You kill the dart slug!
You hit the bullfrog. The bullfrog is struck by your spines.
The bullfrog completely misses you.
The bullfrog hits you but does no damage.
You block the bullfrog's attack.
You closely miss the bullfrog.
The bullfrog is lightly wounded.
The bullfrog is struck by your spines. The bullfrog hits you.
The bullfrog barely misses you.
You completely miss the bullfrog. You headbutt the bullfrog!
The bullfrog is severely wounded.
You block the bullfrog's attack. The bullfrog is struck by your spines.
The bullfrog hits you but does no damage.
You barely miss the bullfrog.
The bullfrog is severely wounded.
The bullfrog is struck by your spines. The bullfrog hits you.
You die...

#.# #.# ..# #.# #(# #.#
#.## #.#
...#####.##############
.....>................#
.........##########.###
###########.....%.#.#
#@#.# ####F#.# #......#
####.#.# #.#.# ..#.#
####.# #.# #.#


You could see a bullfrog.

Vanquished Creatures
  An iguana (D:4)
  An ooze (D:1)
  2 worms
  2 dart slugs
  An orc (D:3)
  A goblin (D:2)
  A hobgoblin (D:2)
  A bat (D:2)
  A frilled lizard (D:2)
  2 kobolds (D:1)
  2 rats (D:1)
15 creatures vanquished.

Notes
Turn   | Place    | Note
-------+----------+-------------------------------------------
     0 | D:1      | Duffy the Demonspawn Fighter began the quest for the Orb.
     0 | D:1      | Reached XP level 1. HP: 18/18 MP: 1/1
   188 | D:1      | Gained mutation: You have a pair of small horns on your
                  | head. [demonic ancestry]
   188 | D:1      | Reached XP level 2. HP: 18/24 MP: 2/2
   613 | D:4      | Gained mutation: You are partially covered in sharp spines.
                  | [demonic ancestry]
   613 | D:4      | Reached XP level 3. HP: 7/29 MP: 3/3
   614 | D:4      | Noticed a bullfrog
   620 | D:4      | Slain by a bullfrog

Levels and vault maps discovered:
D:1:      dpeg_arrival_more_subterranean_lakeside_camping, layout_loops_cross,
          ebering_dispersal_statue_hall, minmay_misc_feat_chi, hex_large
D:2:      layout_basic
D:3:      layout_loops_ring, fedhas_altar_3
D:4:      layout_basic, nicolae_qazlal_eye_of_the_storm, first_ration,
          evilmike_ruin_ashenzari

Skill      XL: |  1  2 |
---------------+-------+-----
Axes           | 2 3 |  3.6
Fighting       | |  3.0
Armour         | |  2.6
Shields        | |  2.6

Action                   || total
-------------------------++-------
Melee: War axe           ||    42
       Headbutt          ||     8
Armor: Scale mail        ||    15
       Chain mail        ||     5
Dodge: Dodged            ||     9
Block: Kite shield       ||    19

Table legend:
 A = Non-vault XP
 B = Vault XP
 C = Vault XP percentage of total XP
 D = Non-vault monster count
 E = Vault monster count
 F = Vault count percentage of total count
                 A         B        C        D         E       F
            +---------+---------+-------+---------+---------+-------
      Total |      74 |       0 |   0.0 |      15 |       0 |   0.0
            +---------+---------+-------+---------+---------+-------
        D:1 |      16 |       0 |   0.0 |       6 |       0 |   0.0
        D:2 |      11 |       0 |   0.0 |       5 |       0 |   0.0
        D:3 |       8 |       0 |   0.0 |       2 |       0 |   0.0
        D:4 |      39 |       0 |   0.0 |       2 |       0 |   0.0
            +---------+---------+-------+---------+---------+-------
